 Dungeon Crawl Stone Soup version 0.30-a0-808-g6e0788376e (webtiles) character file.

Game seed: 2017424892084280385

521 Nacht the Digger (level 7, 0/50 HPs)
             Began as a Meteoran Earth Elementalist on Feb 27, 2023.
             Slain by a centaur (3 damage)
             ... on level 5 of the Dungeon.
             The game lasted 00:03:51 (2170 turns).

Nacht the Digger (Meteoran Earth Elementalist)      Turns: 2170, Time: 00:03:52

Health: 0/50       AC:  3    Str: 11    XL:     7   Next: 75%
Magic:  7/17       EV: 12    Int: 18    God:
Gold:   192        SH:  0    Dex: 14    Spells: 18/19 levels left

rFire   . . .      SeeInvis .    r - +0 lajatang
rCold   . . .      Faith    .    (shield currently unavailable)
rNeg    . . .      Spirit   .    a - +0 robe
rPois   .          Reflect  .    (no helmet)
rElec   .          Harm     .    (no cloak)
rCorr   .          Rampage  .    d - +0 pair of gloves
Will    .....                    (no boots)
Stlth   +                        (no amulet)
HPRegen 0.28/turn                (no ring)
MPRegen 0.15/turn                (no ring)

@: glowing
A: sense surroundings 1, otherworldly, glowing, explore regen
a: no special abilities


You were on level 5 of the Dungeon.
You visited 1 branch of the dungeon, and saw 5 of its levels.

You collected 192 gold pieces.

Inventory:

Hand Weapons
 r - a +0 lajatang (weapon)
Armour
 a - a +0 robe (worn)
 d - a +0 pair of gloves (worn)
Jewellery
 m - the amulet "Jegoidob" {Faith Dex+4}
   (You found it on level 2 of the Dungeon)

   [amulet of faith]

   It allows you to gain divine favour quickly.
   Dex:       It affects your dexterity (+4).
 q - a ring of resist corrosion
Wands
 p - a wand of light (10)
 y - a wand of iceblast (11)
Scrolls
 c - a scroll of magic mapping {unknown}
 f - 2 scrolls of vulnerability {unknown}
 h - a scroll of blinking {unknown}
 j - 5 scrolls of identify {unknown}
 k - a scroll of immolation {unknown}
 l - 3 scrolls of enchant armour {unknown}
 o - 3 scrolls of torment {unknown}
 s - a scroll of noise {unknown}
 v - a scroll of amnesia {unknown}
 w - a scroll of fog {unknown}
Potions
 b - a potion of magic
 e - a potion of flight {unknown}
 g - 3 potions of curing {unknown}
 i - a potion of mutation {unknown}
 n - a potion of degeneration {unknown}
 t - a potion of lignification {unknown}
 u - a potion of cancellation {unknown}
 x - a potion of ambrosia {unknown}
 z - a potion of heal wounds {unknown}


   Skills:
 - Level 2.4 Dodging
 - Level 1.4 Stealth
 + Level 6.6 Spellcasting
 - Level 1.2 Transmutations
 - Level 7.4 Earth Magic


You had 18 spell levels left.
You knew the following spells:

 Your Spells              Type           Power      Damage    Failure   Level
a - Sandblast             Erth           64%        2d14      1%          1

Your spell library contained the following spells:

 Spells                   Type           Power      Damage    Failure   Level
 Passwall                 Tmut/Erth      17%        N/A       2%          2
 Stone Arrow              Conj/Erth      38%        3d9       8%          3
 Freeze                   Ice            20%        1d4       12%         1
 Petrify                  Tmut/Erth      21%        N/A       19%         4
 Summon Ice Beast         Ice/Summ       5%         N/A       75%         4
 Summon Mana Viper        Hex/Summ       5%         N/A       97%         5
 Monstrous Menagerie      Summ           2%         N/A       100%        7
 Ozocubu's Refrigeration  Ice            2%         4d8       100%        7


Dungeon Overview and Level Annotations

Branches:
Dungeon (5/15) Zot: 766
 Temple: D:4-7

Altars:
Gozag
Qazlal

Shops:
D:4 =   D:5 *


Innate Abilities, Weirdness & Mutations

You passively map a small area around you.
You are easily found by Zot.
You glow in the dark.
You regain HP and MP as you explore.


Message History

You kill the gnoll bouda!
The centaur wields a +0 shortbow.
The centaur shoots an arrow.
The arrow hits you!
A gnoll comes into view. It is wielding a +0 spear.
Casting: Sandblast (safe; 1% risk of failure)
Confirm with . or Enter, or press ? or * to list all spells.
Aiming: Sandblast (safe; 1% risk of failure)
Press: ? - help, Shift-Dir - straight line, f/p - gnoll
Aim: a gnoll, wielding a +0 club (almost dead, covering ground quickly, 86% to hit)
The blast of sand hits the gnoll!
The gnoll is almost dead.
The centaur shoots an arrow.
The arrow hits you! The gnoll hits you with a +0 whip!
The gnoll hits you with a +0 whip.
* * * LOW HITPOINT WARNING * * *
Casting: Sandblast (safe; 1% risk of failure)
Confirm with . or Enter, or press ? or * to list all spells.
Aiming: Sandblast (safe; 1% risk of failure)
Press: ? - help, Shift-Dir - straight line, f/p - gnoll
Aim: a gnoll, wielding a +0 club (almost dead, covering ground quickly, 86% to hit)
The blast of sand hits the gnoll!!
You kill the gnoll!
Your attacks no longer feel as feeble.
The centaur unwields a +0 shortbow.
The centaur misses you. The centaur closely misses you. The centaur hits you.
* * * LOW HITPOINT WARNING * * *
The centaur barely misses you. The gnoll hits you with a +0 club.
* * * LOW HITPOINT WARNING * * *
Casting: Sandblast (safe; 1% risk of failure)
Confirm with . or Enter, or press ? or * to list all spells.
Aiming: Sandblast (safe; 1% risk of failure)
Press: ? - help, Shift-Dir - straight line, f - centaur, p - gnoll
Aim: a centaur (90% to hit)
The blast of sand hits the centaur.
The centaur is moderately wounded.
The centaur barely misses you.
The centaur kicks you but does no damage.
The gnoll hits you from afar with a +0 spear.
* * * LOW HITPOINT WARNING * * *
The centaur hits you.
You die...

#.#.## #.##.#
#.##..#.# , #..#.#
#.##.###.)...#.#
###.##
#.##.#.......#.# #.#
#.#..........#.# #>#
#.#.8...>....# #.#
#.#..........#. * #.#
#.....∩..g.!... ,
###.# #.......c#..## ,
....# #......<..@8# *
* ##..#
#..†.......g..# #..#
#.........###...# ** *
,
#..#...#.........,..##
#..#.##.#......... .#
#..#. .....####.## ,#
* , * * #..# ##. , ,
#..# # * * ,


You could see a centaur and 2 gnolls.

Vanquished Creatures
  A black bear (D:4)
  An ice beast (D:5)
  Blork the orc (D:4)
  2 hounds (D:5)
  A gnoll bouda (D:5)
  An iguana (D:4)
  An orc wizard (D:2)
  A gnoll (D:5)
  5 adders
  9 orcs
  4 bats
  4 endoplasms
  4 giant cockroaches
  4 goblins
  3 hobgoblins
  6 jackals
  4 quokkas
  6 ball pythons
  3 frilled lizards
  5 kobolds
  5 rats
71 creatures vanquished.

Notes
Turn   | Place    | Note
-------+----------+-------------------------------------------
     0 | D:1      | Nacht the Meteoran Earth Elementalist began the quest for
                  | the Orb.
     0 | D:1      | Reached XP level 1. HP: 14/14 MP: 5/5
    14 | D:1      | You fall into a shaft and drop 1 floor!
   103 | D:1      | Reached skill level 4 in Earth Magic
   156 | D:1      | Reached XP level 2. HP: 20/20 MP: 4/6
   360 | D:1      | Found a faded altar of an unknown god.
   447 | D:1      | Reached XP level 3. HP: 24/26 MP: 4/8
   721 | D:2      | Reached skill level 5 in Earth Magic
   836 | D:2      | Identified the amulet "Jegoidob" {Faith Dex+4}
   843 | D:2      | Reached XP level 4. HP: 19/33 MP: 3/9
  1086 | D:2      | Reached skill level 6 in Earth Magic
  1135 | D:2      | Reached XP level 5. HP: 37/38 MP: 5/10
  1322 | D:3      | Found a stormy altar of Qazlal.
  1380 | D:3      | Got the Grimoire of Freezing
  1470 | D:4      | Noticed Blork the orc
  1473 | D:4      | Killed Blork the orc
  1474 | D:4      | Reached skill level 7 in Earth Magic
  1474 | D:4      | Reached XP level 6. HP: 45/45 MP: 7/11
  1582 | D:4      | Noticed a black bear
  1588 | D:4      | Killed a black bear
  1699 | D:4      | Reached XP level 7. HP: 28/50 MP: 8/15
  1812 | D:4      | Found Cabaoq's Jewellery Shoppe.
  1907 | D:5      | Entered Level 5 of the Dungeon
  1930 | D:5      | Reached skill level 5 in Spellcasting
  1962 | D:5      | Found an opulent altar of Gozag.
  2152 | D:5      | Found Kumeim's General Store.
  2170 | D:5      | Slain by a centaur

Illustrated notes

Levels and vault maps discovered:
D:1:      wander_arrival_desolate, layout_basic,
          hellmonk_ecumenical_altar_arch_garden, dk_noncrumbling_3
D:2:      layout_rooms
D:3:      layout_basic, nicolae_qazlal_general_emergency
D:4:      layout_gridville, serial_shops, nicolae_shop_hallway_plus,
          uniq_blork_the_orc
D:5:      layout_loops_ring, nicolae_gozag_seed_capital, serial_shops,
          nicolae_stop_n_shop_1

Skill      XL: |  1  2  3  4  5  6  7 |
---------------+----------------------+-----
Earth Magic    | 4 5 6 7 |  7.4
Spellcasting   | 4 6 |  6.6
Dodging        | |  2.4
Stealth        | |  1.4
Transmutations | |  1.2

Action                     |  1- 3 |  4- 6 |  7- 9 || total
---------------------------+-------+-------+-------++-------
  Melee: Lajatang          |       |     6 |       ||     6
   Cast: Sandblast         |    44 |    57 |    20 ||   121
 Armour: Robe              |     6 |     6 |     3 ||    15
  Dodge: Dodged            |    11 |    21 |     8 ||    40

Table legend: (Time is in decaauts)
 A = Elapsed time spent in this place.
 B = Non-inter-level travel time spent in this place.
 C = Inter-level travel time spent in this place.
 D = Time resting spent in this place.
 E = Time spent auto-exploring this place.
 F = Levels seen in this place.
 G = Mean time per level.
                   A        B        C        D        E       F      G
               +--------+--------+--------+--------+--------+-----+--------+
         Total |   2232 |   2193 |     39 |      0 |   1734 |   5 |  446.4 |
       Dungeon |   2232 |   2193 |     39 |      0 |   1734 |   5 |  446.4 |
               +--------+--------+--------+--------+--------+-----+--------+

Top non-repeatable levels by time:
     D:1: 712 daAuts
     D:2: 466 daAuts
     D:4: 450 daAuts
     D:3: 331 daAuts
     D:5: 271 daAuts
